 Dungeon Crawl Stone Soup version 0.25-a0-842-g81a31cfd23 (webtiles) character file.

Game seed: 4584925396458653720, levelgen mode: deterministic

254 wvc the Poker (level 6, 0/28 HPs)
             Began as a Vine Stalker Necromancer on Apr 24, 2020.
             Succumbed to an orc's poison
             ... on level 4 of the Dungeon.
             The game lasted 00:08:56 (3072 turns).

wvc the Poker (Vine Stalker Necromancer)            Turns: 3072, Time: 00:08:56

Health: 0/28       AC:  6    Str: 10    XL:     6   Next: 14%
Magic:  8/10       EV: 10    Int: 15    God:
Gold:   159        SH:  4    Dex: 17    Spells: 8/9 levels left

rFire    . . .     SeeInvis .   a - +0 trident
rCold    . . .     Gourm    +   m - +0 buckler
rNeg     . . .     Faith    .   d - +0 ring mail
rPois    .         Spirit   +   (no helmet)
rElec    .         Reflect  .   (no cloak)
rCorr    .         Harm     .   p - +0 pair of gloves
MR       .....                  (no boots)
Stlth    +++.......             o - amulet of the gourmand
HPRegen  0.49/turn              f - ring of stealth
MPRegen  0.12/turn              (no ring)

@: lethally poisoned (0 -> -5)
A: fangs 2, regeneration 1, magic shield, antimagic bite, no potion heal 3, rot
immunity
a: no special abilities


You were on level 4 of the Dungeon.
You were completely stuffed.

You visited 1 branch of the dungeon, and saw 4 of its levels.

You collected 159 gold pieces.

Inventory:

Hand Weapons
 a - a +0 trident (weapon)
Missiles
 h - 27 poisoned darts (quivered)
 q - 2 curare-tipped darts
Armour
 d - a +0 ring mail (worn)
 m - a +0 buckler (worn)
 p - a +0 pair of gloves (worn)
Jewellery
 f - a ring of stealth (left hand)
 o - an amulet of the gourmand (around neck)
 u - a cursed ring of teleportation {unknown}
Scrolls
 s - a scroll of remove curse
Potions
 g - 4 potions of ambrosia
 i - a potion of mutation {unknown}
 j - a potion of haste {unknown}
 k - 3 potions of lignification
 l - 2 potions of brilliance
 n - a potion of heal wounds
 r - a potion of magic
 v - a potion of stabbing {unknown}
Comestibles
 c - 4 rations


   Skills:
   Level 1.3(3.2) Axes
 + Level 4.6(4.7) Polearms
 - Level 1.9 Dodging
 - Level 2.4 Stealth
 + Level 1.0 Shields
 - Level 2.1 Spellcasting
 - Level 4.0 Necromancy


You had 8 spell levels left.
You knew the following spells:

 Your Spells              Type           Power        Failure   Level  Hunger
a - Pain                  Necr           ##..         16%         1    #......

Your spell library contained the following spells:

 Spells                   Type           Power        Failure   Level  Hunger
 Animate Skeleton         Necr           N/A          16%         1    #......
 Vampiric Draining        Necr           ##........   43%         3    ###....
 Animate Dead             Necr           N/A          85%         4    #####..
 Agony                    Necr           ##......     99%         5    ######.


Dungeon Overview and Level Annotations

Branches:
Dungeon (4/15)
 Temple: D:4-7

Altars:
Gozag
Makhleb
Ru

Annotations:
D:2 1 runed translucent door, Crazy Yiuf


Innate Abilities, Weirdness & Mutations

You have extremely sharp teeth.
Your natural rate of healing is unusually fast.
When hurt, damage is shared between your health and your magic reserves.
Your bite disrupts and absorbs the magic of your enemies.
Potions cannot restore your health.
You are immune to rotting.


Message History

It was a potion of magic.
Magic courses through your body.
* * * LOW HITPOINT WARNING * * *
You feel sick. You block the hound's attack.
The orc hits you with a +1 dagger of venom.
Okay, then.
It was a potion of flight.
You feel very buoyant.
You fly up into the air.
* * * LOW HITPOINT WARNING * * *
You feel sick. The hound bites you. The hound bites you but does no damage.
The orc barely misses you.
It was a potion of cancellation.
Your magical effects are unravelling.
You feel magically purged.
You float gracefully downwards.
You feel a little less clever now.
* * * LOW HITPOINT WARNING * * *
You feel sick. The hound closely misses you. You block the orc's attack.
* * * LOW HITPOINT WARNING * * *
You feel sick. The hound bites you but does no damage.
You die...

>,,,*,,******** #.. ,*,,*,,*
######### #.# ,,,,,,,*
#.......# #.. ,,,,,,,*
#.......# #.# ,,***,**
###..###.>### #.. ,,,,,,*
#...........# #.# ,,,,,**
#.%.......#.######.. *,,,,*
###.#..##...#(.......#
*,,,,*
#..h.@†.....########..
,,,,,* #.#o##)....## ##.#
**,,,* ****,#)##.##.##*****
#... *,,,*
*,,,,..........,,,,* #..#
**,,,****,**...##.##.....,,*
#...
,,,,,,,,,,,....#...#.....,,*
#...
,,,,,,,,,,.....#.#.,,,.$.,,*
#.##
,,,,,,,,,...#..#.,.*,,,,,,,*
#.#
,,,,,,,*#.###..##*##,,,,,,,*
#.#


You could see a hound and an orc.

Vanquished Creatures
  A hound (D:2)
  2 orc wizards
  Terence (D:1)
  A hound skeleton (D:4)
  5 adders
  2 oozes (D:2)
  A dart slug (D:3)
  3 leopard geckos
  4 orcs
  5 bats
  5 giant cockroaches
  8 goblins
  9 hobgoblins
  9 kobolds
  6 frilled lizards
  4 rats
66 creatures vanquished.

Notes
Turn   | Place    | Note
-------+----------+-------------------------------------------
     0 | D:1      | wvc the Vine Stalker Necromancer began the quest for the
                  | Orb.
     0 | D:1      | Reached XP level 1. HP: 9/9 MP: 4/4
   312 | D:1      | Reached XP level 2. HP: 13/13 MP: 6/6
   320 | D:1      | Reached skill level 1 in Axes
   460 | D:1      | Reached skill level 1 in Polearms
   460 | D:1      | Reached XP level 3. HP: 14/16 MP: 7/7
   734 | D:2      | Noticed Terence
  1008 | D:1      | Killed Terence
  1008 | D:1      | Gained mutation: Your natural rate of healing is unusually
                  | fast. [Vine Stalker growth]
  1008 | D:1      | Reached XP level 4. HP: 2/21 MP: 2/8
  1194 | D:2      | Found a runed translucent door.
  1195 | D:2      | Noticed Crazy Yiuf
  1559 | D:2      | Found a sacrificial altar of Ru.
  1587 | D:2      | Reached XP level 5. HP: 24/24 MP: 9/9
  1774 | D:2      | Found a burning altar of Makhleb.
  2411 | D:3      | Found an opulent altar of Gozag.
  3043 | D:4      | Reached skill level 1 in Shields
  3043 | D:4      | Reached XP level 6. HP: 28/28 MP: 10/10
  3071 | D:4      | HP: 1/28 [poisoned by an orc]
  3072 | D:4      | Succumbed to an orc's poison

Levels and vault maps discovered:
D:1:      tarquinn_simple_flora_water_e, layout_basic, minmay_tetromino_o4
D:2:      layout_loops_corners, nicolae_ru_great_annihilating_truth,
          first_ration, corexii_shack, makhleb_heckhound_becter,
          uniq_crazy_yiuf_cottage, uniq_terence
D:3:      layout_loops_ring, nicolae_gozag_seed_capital, minmay_starry_boxes
D:4:      minmay_diamond_boxcup, layout_loops_cross, st_stairs_9,
          minmay_misc_feat_pillars

Skill      XL: |  1  2  3  4  5 |
---------------+----------------+-----
Axes           | 1 |  1.3
Polearms       | 1 2 3 4 |  4.6
Shields        | 1 |  1.0
Dodging        | |  1.9
Stealth        | |  2.4
Spellcasting   | |  2.1
Necromancy     | |  4.0

Action                   |  1- 3 |  4- 6 || total
-------------------------+-------+-------++-------
Melee: Club              |    12 |       ||    12
       Hand axe          |    22 |       ||    22
       Bite              |    15 |    29 ||    44
       Unarmed           |     2 |       ||     2
       Spear             |    41 |     8 ||    49
       Trident           |       |   161 ||   161
Throw: Dart              |    12 |       ||    12
  Use: Scroll            |       |     8 ||     8
       Potion            |       |     5 ||     5
 Stab: Sleeping          |     1 |     3 ||     4
  Eat: Chunk             |       |    12 ||    12
       Ration            |       |     1 ||     1
Armor: Ring mail         |    28 |    57 ||    85
       Robe              |     1 |       ||     1
Dodge: Dodged            |    41 |    79 ||   120
Block: Buckler           |     4 |    29 ||    33

Table legend:
 A = Non-vault XP
 B = Vault XP
 C = Vault XP percentage of total XP
 D = Non-vault monster count
 E = Vault monster count
 F = Vault count percentage of total count
                 A         B        C        D         E       F
            +---------+---------+-------+---------+---------+-------
      Total |     213 |     150 |  41.3 |      53 |      13 |  19.7
            +---------+---------+-------+---------+---------+-------
        D:1 |      48 |      39 |  44.8 |      21 |       3 |  12.5
        D:2 |      50 |      93 |  65.0 |      15 |       6 |  28.6
        D:3 |      40 |      18 |  31.0 |      13 |       4 |  23.5
        D:4 |      75 |       0 |   0.0 |       4 |       0 |   0.0
            +---------+---------+-------+---------+---------+-------
